 Dungeon Crawl Stone Soup version 0.28-a0-1389-gc726bef33b (webtiles) character file.

Game seed: 17297952000707747446

9248 Deminshera the Summoner (level 11, -9/111 HPs)
             Began as an Ogre Summoner on Jan 3, 2022.
             Was a Follower of the Shining One.
             Mangled by a six-headed hydra (13 damage)
             ... on level 9 of the Dungeon.
             The game lasted 00:25:50 (17120 turns).

Deminshera the Summoner (Ogre Summoner)            Turns: 17120, Time: 00:25:50

Health: -9/111     AC:  9    Str: 14    XL:     11   Next: 43%
Magic:  5/21       EV:  9    Int: 20    God:    the Shining One [*.....]
Gold:   429        SH:  0    Dex:  9    Spells: 16/24 levels left

rFire   . . .      SeeInvis .   z - +7 trident (flame)
rCold   . . .      Faith    .   (no shield)
rNeg    . . .      Spirit   .   C - +1 acid dragon scales
rPois   +          Reflect  .   (helmet restricted)
rElec   .          Harm     .   y - +0 cloak
rCorr   +          Rampage  .   (gloves unavailable)
Will    +....                   (boots unavailable)
Stlth   +.........              (no amulet)
HPRegen 0.28/turn               d - ring of poison resistance
MPRegen 0.17/turn               (no ring)

@: glowing
A: large, unfitting armour, tough skin 1
a: Renounce Religion, Divine Shield


You were on level 9 of the Dungeon.
You worshipped the Shining One.
The Shining One was aware of your devotion.
You visited 2 branches of the dungeon, and saw 10 of its levels.

You collected 429 gold pieces.

Inventory:

Hand Weapons
 p - a +1 vorpal halberd
 x - the +8 mace "Inou" {venom, rElec MP+9}
   (You found it on level 5 of the Dungeon)

   It poisons the flesh of those it strikes.
   rElec:     It insulates you from electricity.
   MP:        It affects your magic capacity (+9).
 z - a +7 trident of flaming (weapon)
Armour
 a - a +0 robe
 o - a +1 robe of cold resistance
 r - a +2 tower shield
 t - a +0 troll leather armour
 y - a +0 cloak (worn)
 C - +1 acid dragon scales (worn)
Jewellery
 d - a ring of poison resistance (left hand)
 l - a ring of positive energy
Wands
 c - a wand of flame (13)
 s - a wand of mindburst (5)
 w - a wand of iceblast (10)
 D - a wand of paralysis (8)
Scrolls
 h - a scroll of enchant armour
 n - 4 scrolls of amnesia
 B - a scroll of blinking
 F - a scroll of torment {unknown}
Potions
 b - a potion of cancellation
 e - a potion of mutation
 f - a potion of lignification
 g - 2 potions of resistance
 i - a potion of berserk rage {unknown}
 k - 2 potions of curing {unknown}
 m - 2 potions of brilliance
 q - a potion of haste
 u - 3 potions of flight
 v - a potion of might {unknown}
 A - a potion of attraction {unknown}


   Skills:
 - Level 8.0 Fighting
 - Level 4.0 Polearms
 - Level 2.0 Dodging
 - Level 2.0 Stealth
 + Level 7.6 Shields
 - Level 7.0 Spellcasting
 - Level 10.0 Summonings
 - Level 6.0 Air Magic


You had 16 spell levels left.
You knew the following spells:

 Your Spells              Type           Power      Damage    Failure   Level
a - Summon Small Mammal   Summ           100%       N/A       1%          1
c - Call Canine Familiar  Summ           47%        N/A       1%          3
d - Summon Lightning Spi  Summ/Air       39%        N/A       4%          4

Your spell library contained the following spells:

 Spells                   Type           Power      Damage    Failure   Level
 Call Imp                 Summ           47%        N/A       1%          2
 Summon Guardian Golem    Hex/Summ       27%        N/A       5%          3
 Pain                     Necr           28%        1d5       14%         1
 Ensorcelled Hibernation  Hex/Ice        14%        N/A       21%         2
 Dazzling Flash           Conj/Hex       14%        N/A       38%         3
 Ozocubu's Armour         Ice            7%         N/A       38%         3
 Spider Form              Tmut/Pois      7%         N/A       38%         3
 Iskenderun's Mystic Bla  Conj/Tloc      7%         2d4       80%         4
 Agony                    Necr           7%         N/A       98%         5
 Excruciating Wounds      Necr           3%         N/A       98%         5
 Metabolic Englaciation   Hex/Ice        3%         N/A       98%         5
 Simulacrum               Ice/Necr       3%         N/A       100%        6
 Starburst                Conj/Fire      3%         6d3       100%        6


Dungeon Overview and Level Annotations

Branches:
Dungeon (9/15)             Temple (1/1) D:6            Lair (0/6) D:9
    Orc: D:9-12

Altars:
Ashenzari
Cheibriados
Dithmenos
Elyvilon
Fedhas
Gozag
Hepliaklqana
Kikubaaqudgha
Makhleb
Nemelex Xobeh
Okawaru
Qazlal
Ru
Sif Muna
Trog
Uskayaw
Vehumet
Wu Jian
Xom
Yredelemnul
Zin
The Shining One

Annotations:
D:9 2 runed translucent doors


Innate Abilities, Weirdness & Mutations

You are too large for most types of armour.
You have tough skin. (AC +1)


Message History

You feel much better.
The six-headed hydra bites you but does no damage. x4
The six-headed hydra bites you! x2
You feel protected. The six-headed hydra bites you!
The six-headed hydra bites you.
The six-headed hydra bites you but does no damage.
The six-headed hydra bites you.
* * * LOW HITPOINT WARNING * * *
The six-headed hydra bites you but does no damage. x2
You feel yourself speed up.
The six-headed hydra bites you but does no damage. x6
It was a potion of cancellation.
Your magical effects are unravelling.
You feel magically purged.
You feel less wooden.
Your +0 cloak unmelds from your body.
Your +1 acid dragon scales unmelds from your body.
You feel yourself slow down.
Your resistance to elements expires.
The six-headed hydra bites you but does no damage.
The six-headed hydra bites you.
* * * LOW HITPOINT WARNING * * *
The six-headed hydra bites you but does no damage.
The six-headed hydra bites you.
* * * LOW HITPOINT WARNING * * *
The six-headed hydra bites you.
* * * LOW HITPOINT WARNING * * *
The six-headed hydra bites you.
* * * LOW HITPOINT WARNING * * *
Unknown command.
Casting: Summon Lightning Spire (dangerous; 4% risk of failure)
Confirm with . or Enter, or press ? or * to list all spells.
An electric hum fills the air.
The six-headed hydra barely misses you.
The six-headed hydra bites you but does no damage.
The six-headed hydra bites you!
* * * LOW HITPOINT WARNING * * *
The six-headed hydra bites you but does no damage.
The six-headed hydra bites you!
* * * LOW HITPOINT WARNING * * *
The six-headed hydra bites you!
You die...

.......##....).....'###..........
.#####.##.######.###..###...#.###
.# #.##......######.#.###...###
.# #.##.##.####..#..#...###....
.# #.##..####D§..#.##.#...####.
.#####.######.c###D#.#..###...##.
.......####....#8#.#.#.##...####.
####.#.##...T..#.#T#.#..#.######.
#.#.#.##....#@Dc#....### #.##.
#.#.#.####..#####..#######.##.
#)#.##..####....'####...##.##.
####.#.##.##.####..####.##'##.##.
.......##)#.#..#####.c#.#...#.##.
.....#.##c###....##'##..#c..#.##.
.....#.##..........#######T##.##.
.....#.##.###....###. ##F.#.##.
.....#.##.#.#..### +#.######.T##.


You could see a yaktaur captain, a six-headed hydra (ally target), a troll and a
friendly lightning spire (summoned).

Vanquished Creatures
  Harold (D:8)
  A two-headed ogre (D:8)
  Psyche (D:8)
  A shadow (D:9)
  2 yaks (D:9)
  An acid dragon (D:7)
  A sky beast (D:7)
  A wolf (D:9)
  A centaur (D:8)
  A lemure (D:8)
  A phantom (D:7)
  Blork the orc (D:3)
  A gnoll sergeant (D:9)
  2 scorpions (D:5)
  A water moccasin skeleton (D:4)
  A bullfrog zombie (D:7)
  A gnoll shaman (D:8)
  An orc wizard (D:8)
  9 gnolls
  3 adders
  An ufetubus (D:4)
  7 orcs
  A ball python (D:4)
  2 bats (D:2)
  An endoplasm (D:1)
  5 goblins
  4 hobgoblins
  5 quokkas
  3 frilled lizards
  4 kobolds
  4 rats (D:1)
69 creatures vanquished.

Vanquished Creatures (collateral kills)
  A boulder beetle (D:9)
  A two-headed ogre (D:9)
  Pikel (D:8)
  A cyclops (D:9)
  An efreet (D:9)
  A troll (D:9)
  2 hornets
  Sigmund (D:4)
  2 yaks (D:9)
  A wyvern (D:8)
  A steam dragon (D:8)
  Grum (D:9)
  An acid dragon (D:8)
  An ice beast (D:7)
  2 sky beasts (D:7)
  2 orc warriors (D:9)
  2 ogres
  3 wolves (D:9)
  2 centaurs (D:9)
  A phantom (D:6)
  A lemure (D:8)
  A kobold brigand (D:7)
  2 bullfrogs
  A gnoll sergeant (D:8)
  A water moccasin zombie (D:6)
  A scorpion (D:4)
  A wyvern skeleton (D:6)
  4 killer bees (D:9)
  4 howler monkeys
  A bullfrog zombie (D:6)
  A centaur zombie (D:7)
  A lava snake (D:7)
  A jelly (D:6)
  A hound (D:5)
  An orc priest (D:3)
  Crazy Yiuf (D:5)
  A centaur skeleton (D:6)
  A gnoll shaman (D:5)
  2 orc wizards
  A howler monkey zombie (D:7)
  A howler monkey skeleton (D:5)
  6 adders
  15 gnolls
  A shadow imp (D:6)
  A white imp (D:6)
  2 nameless horrors
  2 ufetubi
  2 worms (D:2)
  2 dart slugs
  21 orcs
  A bat (D:1)
  An endoplasm (D:4)
  2 giant cockroaches (D:2)
  7 goblins
  3 hobgoblins
  10 kobolds
  4 quokkas
  2 ball pythons
  4 rats
143 creatures vanquished.

Vanquished Creatures (others)
  A white imp (D:8)
  A fungus (D:5)
  6 plants
8 creatures vanquished.

Grand Total: 220 creatures vanquished

Notes
Turn   | Place    | Note
-------+----------+-------------------------------------------
     0 | D:1      | Deminshera the Ogre Summoner began the quest for the Orb.
     0 | D:1      | Reached XP level 1. HP: 16/16 MP: 3/3
   262 | D:1      | Reached XP level 2. HP: 12/24 MP: 5/5
   614 | D:1      | Learned a level 2 spell: Call Imp
  1495 | D:2      | Reached XP level 3. HP: 28/31 MP: 5/7
  1569 | D:2      | Learned a level 3 spell: Call Canine Familiar
  1607 | D:2      | Reached skill level 4 in Summonings
  2051 | D:1      | Reached XP level 4. HP: 23/39 MP: 6/9
  2522 | D:2      | Learned a level 4 spell: Summon Lightning Spire
  3096 | D:2      | Reached skill level 1 in Air Magic
  3096 | D:2      | Reached XP level 5. HP: 26/45 MP: 6/11
  4131 | D:3      | Reached XP level 6. HP: 53/53 MP: 8/12
  4991 | D:4      | Noticed Sigmund
  5058 | D:4      | Killed Sigmund
  5059 | D:4      | Reached skill level 5 in Spellcasting
  5059 | D:4      | Reached skill level 5 in Summonings
  5059 | D:4      | Reached XP level 7. HP: 59/59 MP: 4/14
  5430 | D:4      | Found Acvaus's Magic Scroll Shoppe.
  5476 | D:4      | Noticed Blork the orc
  5574 | D:3      | Killed Blork the orc
  6453 | D:5      | Entered Level 5 of the Dungeon
  6758 | D:5      | Reached skill level 6 in Summonings
  7244 | D:5      | Reached XP level 8. HP: 63/67 MP: 15/15
  7328 | D:5      | Found a runed translucent door.
  7329 | D:5      | Noticed Crazy Yiuf
  7330 | D:5      | Identified the +8 mace "Inou" {venom, rElec MP+9}
  7357 | D:5      | Killed Crazy Yiuf
  7358 | D:5      | Reached skill level 5 in Air Magic
  8239 | D:6      | Reached skill level 5 in Fighting
  8837 | D:6      | Found a staircase to the Ecumenical Temple.
  8857 | Temple   | Entered the Ecumenical Temple
  8967 | Temple   | Became a worshipper of the Shining One
  9271 | D:7      | Reached XP level 9. HP: 86/88 MP: 18/18
  9348 | D:7      | Reached skill level 7 in Summonings
 10109 | D:7      | Noticed a hornet
 10130 | D:7      | Killed a hornet
 10687 | D:7      | Reached skill level 8 in Summonings
 11204 | D:8      | Noticed Psyche
 11215 | D:8      | Killed Psyche
 11247 | D:8      | Noticed Harold
 11269 | D:8      | HP: 3/88 [steam dragon/ball of steam (16)]
 11290 | D:8      | Reached * piety under the Shining One
 11304 | D:8      | Reached skill level 9 in Summonings
 11309 | D:8      | HP: 3/88 [wyvern (11)]
 11715 | D:8      | Noticed a two-headed ogre
 11721 | D:8      | Killed a two-headed ogre
 11722 | D:8      | Reached skill level 10 in Summonings
 11722 | D:8      | Reached XP level 10. HP: 97/97 MP: 20/20
 12624 | D:8      | Killed Harold
 13064 | D:8      | Noticed Pikel
 13074 | D:8      | Killed Pikel
 13606 | D:9      | Found an opulent altar of Gozag.
 13609 | D:9      | Noticed Grum
 13630 | D:9      | Reached skill level 1 in Shields
 13630 | D:9      | Killed Grum
 14991 | D:9      | Found a staircase to the Lair.
 15006 | D:9      | Reached XP level 11. HP: 89/111 MP: 17/21
 15240 | D:9      | Reached skill level 5 in Shields
 15887 | D:9      | Noticed a two-headed ogre
 15895 | D:9      | Killed a two-headed ogre
 16211 | D:9      | Noticed a boulder beetle
 16408 | D:9      | Killed a boulder beetle
 16628 | D:9      | Noticed a cyclops
 16635 | D:9      | Killed a cyclops
 16853 | D:9      | Found a runed translucent door.
 16853 | D:9      | Found a runed translucent door.
 16884 | D:9      | Found a runed translucent door.
 16884 | D:9      | Noticed a yaktaur captain
 16884 | D:9      | Noticed a two-headed ogre
 16885 | D:9      | Noticed a cyclops
 16885 | D:9      | Noticed a six-headed hydra
 16886 | D:9      | Found a runed translucent door.
 16886 | D:9      | Found a runed translucent door.
 17120 | D:9      | HP: 4/111 [six-headed hydra (8)]
 17120 | D:9      | Mangled by a six-headed hydra

Illustrated notes

Levels and vault maps discovered:
D:1:      dpeg_arrival_radiant, layout_loops_ring
D:2:      layout_basic
D:3:      layout_basic, minmay_misc_feat_chi, serial_park_tiny_pond,
          roderic_roman_lattice
D:4:      layout_basic, serial_shops, shop_fountains, uniq_blork_the_orc,
          uniq_sigmund
D:5:      layout_basic, chequers_mini_garden, uniq_crazy_yiuf_cottage
D:6:      layout_rooms, minmay_temple_entry_gardened_gates
D:7:      layout_rooms, kennysheep_opposing_triangles
D:8:      corexii_shack_village, layout_loops_ring, enter_bailey_4,
          minmay_misc_feat_hallway, uniq_pikel, uniq_harold, uniq_psyche
D:9:      minmay_the_grid_triangle_9x9_rhombus_full
          [minmay_the_grid_triangle_9x9_corrupted_corridor,
          minmay_the_grid_triangle_9x9_tough_junction,
          minmay_the_grid_triangle_9x9_from_above,
          minmay_the_grid_triangle_9x9_intruding_spiral,
          minmay_the_grid_triangle_9x9_warning,
          minmay_the_grid_triangle_9x9_subtriangle,
          minmay_the_grid_triangle_9x9_fully_insulated_deathbox,
          minmay_the_grid_triangle_9x9_prize_special], layout_small_grid,
          nicolae_gozag_seed_capital, lair_entry_dummy, uniq_prince_ribbit1,
          uniq_grum
Temple:   kilobyte_greek_temple

Skill      XL: |  1  2  3  4  5  6  7  8  9 10 11 |
---------------+----------------------------------+-----
Dodging        | 2 |  2.0
Spellcasting   | 3 4 5 6 7 |  7.0
Stealth        | 2 |  2.0
Summonings     | 4 5 6 10 | 10.0
Air Magic      | 1 2 4 5 6 |  6.0
Fighting       | 5 8 |  8.0
Polearms       | 4 |  4.0
Shields        | 4 7 |  7.6

Action                   |  1- 3 |  4- 6 |  7- 9 | 10-12 || total
-------------------------+-------+-------+-------+-------++-------
Melee: Unarmed           |    90 |     3 |       |       ||    93
       Spear             |       |    81 |    93 |       ||   174
       Mace              |       |       |    59 |     6 ||    65
       Trident           |       |       |       |    81 ||    81
       Halberd           |       |       |       |     1 ||     1
 Cast: Summon Small Mamm |     5 |       |     1 |     8 ||    14
       Call Imp          |    20 |    12 |    11 |       ||    43
       Call Canine Famil |       |    27 |    34 |    21 ||    82
       Summon Lightning  |       |       |    32 |    35 ||    67
Evoke: Wand              |       |       |       |     2 ||     2
  Use: Scroll            |       |       |    14 |     6 ||    20
       Potion            |       |       |     4 |     6 ||    10
 Stab: Sleeping          |     3 |     6 |       |       ||     9
       Distracted        |       |       |     1 |       ||     1
Armor: Robe              |    42 |    29 |    38 |       ||   109
       Acid dragon scale |       |       |    21 |    54 ||    75
       Skin              |       |       |       |    13 ||    13
Dodge: Dodged            |    58 |    78 |   113 |    70 ||   319

Table legend: (Time is in decaauts)
 A = Elapsed time spent in this place.
 B = Non-inter-level travel time spent in this place.
 C = Inter-level travel time spent in this place.
 D = Time resting spent in this place.
 E = Time spent auto-exploring this place.
 F = Levels seen in this place.
 G = Mean time per level.
                   A        B        C        D        E       F      G
               +--------+--------+--------+--------+--------+-----+--------+
         Total |  17185 |  17003 |    182 |   9025 |   5699 |  10 | 1718.5 |
       Dungeon |  17029 |  16853 |    176 |   9025 |   5566 |   9 | 1892.1 |
        Temple |    155 |    149 |      6 |      0 |    133 |   1 |  155.0 |
               +--------+--------+--------+--------+--------+-----+--------+

Top non-repeatable levels by time:
     D:9: 3837 daAuts
     D:8: 2121 daAuts
     D:2: 2115 daAuts
     D:7: 1771 daAuts
     D:1: 1757 daAuts
     D:5: 1591 daAuts
     D:4: 1395 daAuts
     D:6: 1232 daAuts
     D:3: 1207 daAuts
  Temple: 155 daAuts
